AoeStats
← Bandolero

Arena

510168815Analyzed
4v4 RM · 22h ago on Sep 29, 2026· 63m 7s· 8 players
Game mode
Random Map
Map size
Large (8 player)
Population
200
Speed
Normal
Resources
Standard
Victory
Conquest
Starting age
Dark Age
Ending age
Imperial Age
RankedLock teamsTeams togetherTeam positionsShared explorationLock speedFull tech treeHidden civsTurbo modeCheats
Victory
Defeat
🇩🇪 Chinese · Germany
1683
+11
🇩🇪 Saxons · Germany
1651
+12
🇫🇷 Romans · France
1616
+14
🇩🇪 Italians · Germany
1604
+14
🇦🇷 Persians · Argentina
1651
-15
🇳🇱 Shu · Netherlands
1569
-13
🇺🇸 Britons · United States
1551
-12
🇳🇱 Saxons · Netherlands
1509
-11
Mewes96
10:00 Feudal Age
13:34 Castle Age
11:25 Double-Bit Axe
11:51 Horse Collar
14:43 Bow Saw
15:23 Heavy Plow
19:54 Fletching
20:46 Loom
21:22 Fortified Wall
21:54 Ballistics
22:47 Masonry
25:31 Murder Holes
26:01 Bodkin Arrow
28:10 Wheelbarrow
31:19 Imperial Age
29:37 Hand Cart
33:02 Chemistry
48:19 Bloodlines
48:10 Husbandry
47:30 Light Cavalry
49:33 Cavalier
49:37 Hussar
50:30 Scale Barding Armor
50:36 Forging
51:34 Chain Barding Armor
53:11 Plate Barding Armor
52:46 Forging
58:58 Iron Casting
58:29 Bracer
60:55 Hoardings
60:41 Conscription
61:41 Crop Rotation
62:17 Two-Man Saw
61:38 Caravan
63:15 Blast Furnace
Defonceur2Well67
11:09 Feudal Age
14:52 Castle Age
12:39 Double-Bit Axe
12:40 Horse Collar
15:46 Bow Saw
15:44 Heavy Plow
17:44 Wheelbarrow
18:34 Town Watch
20:10 Gold Mining
22:52 Gold Shaft Mining
22:07 Stone Mining
25:44 Imperial Age
23:18 Scale Mail Armor
23:20 Squires
24:30 Chain Mail Armor
23:37 Man-at-Arms
24:35 Long Swordsman
25:27 Forging
25:03 Loom
25:04 Town Watch
25:10 Pikeman
27:28 Iron Casting
26:28 Legionary
29:16 Conscription
28:48 Capped Ram
30:59 Iron Casting
30:49 Heavy Scorpion
32:10 Ballistas
33:06 Siege Ram
35:01 Blast Furnace
34:18 Hand Cart
34:30 Ballistics
35:36 Siege Engineers
37:02 Chemistry
37:55 Scale Barding Armor
37:41 Fletching
37:52 Padded Archer Armor
38:13 Guilds
37:39 Onager
40:41 Chain Barding Armor
43:26 Halberdier
45:17 Caravan
52:06 Bodkin Arrow
55:00 Masonry
55:48 Crop Rotation
Ra
0:25 Loom
10:10 Feudal Age
11:00 Feudal Age
14:41 Castle Age
13:07 Horse Collar
13:26 Double-Bit Axe
14:55 Light Cavalry
20:51 Wheelbarrow
22:20 Bloodlines
23:25 Scale Barding Armor
24:43 Chain Barding Armor
26:37 Hand Cart
29:41 Imperial Age
28:00 Forging
27:39 Town Watch
27:49 Gold Mining
27:50 Stone Mining
27:57 Stone Mining
28:10 Man-at-Arms
28:50 Squires
28:14 Pikeman
29:28 Long Swordsman
30:28 Scale Mail Armor
31:03 Iron Casting
31:03 Town Patrol
31:24 Ballistics
32:05 Chemistry
31:27 Ballistics
30:30 Halberdier
31:26 Chain Mail Armor
30:37 Elite Fire Lancer
30:41 Capped Ram
30:43 Two-Handed Swordsman
32:47 Siege Ram
33:28 Fletching
34:23 Bow Saw
34:16 Heavy Plow
35:26 Blast Furnace
34:57 Plate Mail Armor
35:15 Plate Mail Armor
34:42 Bodkin Arrow
34:33 Champion
35:53 Conscription
39:27 Elite Chu Ko Nu
40:08 Bracer
40:11 Padded Archer Armor
39:52 Heavy Rocket Cart
56:24 Caravan
Poggle-der-Fisch
10:56 Feudal Age
12:23 Double-Bit Axe
14:50 Castle Age
12:37 Horse Collar
13:59 Loom
15:42 Scale Mail Armor
17:05 Bow Saw
19:13 Chain Mail Armor
23:33 Fletching
27:42 Squires
29:38 Wheelbarrow
30:12 Town Watch
32:18 Hand Cart
33:06 Gold Mining
33:09 Stone Mining
36:52 Imperial Age
35:12 Forging
35:04 Heavy Plow
34:51 Arson
34:53 Gambesons
37:24 Iron Casting
37:07 Elite Varangian Guard
37:11 Shield Wall
38:11 Conscription
38:24 Plate Mail Armor
37:49 Guard Tower
37:45 Arrowslits
40:16 Gold Shaft Mining
39:48 Bodkin Arrow
39:53 Pikeman
40:35 Bracer
40:20 Treadmill Crane
41:02 Ballistics
41:45 Chemistry
42:54 Keep
43:54 Caravan
45:40 Halberdier
48:08 Masonry
55:16 Padded Archer Armor
54:38 Elite Skirmisher
56:40 Leather Archer Armor
58:58 Ring Archer Armor
Matter JV
11:27 Feudal Age
12:04 Double-Bit Axe
14:57 Castle Age
12:49 Horse Collar
13:39 Stone Mining
15:18 Wheelbarrow
16:52 Bow Saw
20:39 Fletching
21:49 Bodkin Arrow
26:21 Loom
39:53 Heavy Plow
44:57 Hand Cart
44:18 Crossbowman
45:10 Padded Archer Armor
45:53 Town Watch
47:30 Town Watch
48:32 Ballistics
49:34 Leather Archer Armor
53:04 Imperial Age
53:49 Bracer
54:50 Chemistry
53:44 Arbalester
54:49 Leather Archer Armor
57:54 Caravan
62:01 Ring Archer Armor
VesperalCamp546
10:22 Feudal Age
14:33 Castle Age
13:20 Double-Bit Axe
13:42 Horse Collar
14:40 Loom
16:02 Bow Saw
24:26 Scale Mail Armor
25:36 Chain Mail Armor
26:03 Fletching
27:05 Forging
28:22 Iron Casting
29:16 Bodkin Arrow
34:07 Imperial Age
34:22 Wheelbarrow
35:22 Plate Mail Armor
35:39 Elite Hearth Troop
37:03 Bracer
37:35 Squires
37:20 Elite Varangian Guard
38:05 Shield Wall
39:19 Bloodlines
38:59 Light Cavalry
40:14 Scale Barding Armor
40:55 Husbandry
40:54 Hussar
42:57 Chain Barding Armor
43:21 Heavy Plow
43:15 Gold Mining
43:16 Stone Mining
47:45 Capped Ram
48:53 Conscription
51:21 Siege Ram
52:46 Elite Varangian Guard
56:48 Two-Man Saw
AttachedPoet380
9:58 Feudal Age
13:53 Castle Age
12:10 Double-Bit Axe
12:33 Horse Collar
15:17 Bow Saw
17:14 Heavy Plow
22:05 Wheelbarrow
23:22 Gold Mining
26:53 Imperial Age
24:10 Loom
24:28 Stone Mining
24:43 Fletching
25:30 Gold Shaft Mining
25:37 Hand Cart
25:51 Bodkin Arrow
26:18 Ballistics
26:35 Town Watch
26:58 Crossbowman
27:39 Bracer
27:40 Padded Archer Armor
28:42 Chemistry
27:57 Thumb Ring
28:19 Arbalester
30:04 Masonry
30:11 Leather Archer Armor
31:25 Bolt Magazine
33:43 Coinage
36:03 Banking
39:29 Architecture
53:40 Guilds
56:50 Elite Skirmisher
Bandolero
10:20 Feudal Age
11:17 Loom
14:27 Castle Age
12:41 Double-Bit Axe
15:36 Bow Saw
15:08 Horse Collar
21:00 Wheelbarrow
22:21 Town Watch
23:02 Gold Mining
24:24 Gold Shaft Mining
24:40 Stone Mining
28:15 Imperial Age
25:56 Scale Barding Armor
26:03 Forging
26:49 Stone Shaft Mining
27:21 Chain Barding Armor
28:09 Iron Casting
28:03 Bloodlines
27:53 Husbandry
27:56 Cavalier
29:21 Plate Barding Armor
31:08 Conscription
34:09 Chemistry
33:30 Ballistics
33:21 Masonry
33:02 Elite War Elephant
41:57 Citadels
42:20 Light Cavalry
44:10 Fletching
45:23 Blast Furnace
44:13 Fletching
44:24 Padded Archer Armor
44:09 Crossbowman
44:53 Kamandaran
45:43 Thumb Ring
49:19 Bodkin Arrow
49:39 Leather Archer Armor
49:59 Architecture
49:18 Hussar
52:21 Ring Archer Armor
54:55 Heavy Plow
61:44 Scale Mail Armor
62:06 Elite Skirmisher
Connection lost

Rejoining the realm…

Still unreachable

The connection could not be restored.

Session expired

The server has moved on; the page needs a fresh start.